 Dungeon Crawl Stone Soup version 0.31-a0-4-gefa6de2278 (webtiles) character file.

Game seed: 4104955876865669365

1992345 bobo the Conqueror (level 27, 228/228 HPs)
             Began as a Djinni Earth Elementalist on May 3, 2023.
             Was the Champion of Makhleb.
             Escaped with the Orb
             ... and 3 runes on May 4, 2023!
             The game lasted 05:04:10 (50208 turns).

bobo the Conqueror (Djinni Earth Elementalist)     Turns: 50208, Time: 05:04:11

Health: 228/228    AC:  9    Str: 10    XL:     27
Gold:   2163       EV: 26    Int: 41    God:    Makhleb [******] SH: 21 Dex: 18

rFire   + + .        C - +9 rapier "Nianedy" {holy, *Rage rElec Int+8 Dex+2}
rCold   + . .        a - +5 kite shield {rC+}
rNeg    + + +        p - +2 robe {Archmagi}
rPois   ∞            U - +1 helmet "Moerubb" {rPois Regen+}
rElec   +            r - +2 cloak {rCorr}
rCorr   +            (no gloves)
SInv    +            (boots unavailable)
Will    ++++.        O - amulet "Vuefreedd" {Faith +Blink Fly Will++ Regen+ Dex-3}
Stlth   +++          A - ring "Baycoteq" {rPois rC+ rCorr SInv Stlth+}
HPRegen 2.18/turn    k - ring of Diceax {Wiz *Corrode rN+++ Str+4 Dex+4}
MPRegen 0.00/turn

%: corrode self (3%), clarity, faith, wizardry (x1), archmagi
@: flying
A: sickness immunity, fire resistance 2, cold vulnerability 1, float, innate
caster, HP casting, extra vitality 1, camouflage 1, clarity, clever 1,
deterioration 1, noise suppression
0: Orb of Zot
}: 3/15 runes: barnacled, silver, gossamer
a: Renounce Religion, Evoke Blink, Minor Destruction, Lesser Servant of Makhleb,
Major Destruction, Greater Servant of Makhleb


You escaped.
You worshipped Makhleb.
Makhleb was exalted by your worship.
You visited 10 branches of the dungeon, and saw 48 of its levels.
You also visited: Bailey, Gauntlet, Ice Cave, Volcano and Desolation.

You collected 7036 gold pieces.
You spent 4873 gold pieces at shops.

Inventory:

Hand Weapons
 C - the +9 rapier "Nianedy" (weapon) {holy, *Rage rElec Int+8 Dex+2}
   (You bought it in a shop on level 4 of the Shoals)

   Int:       It affects your intelligence (+8).
   Dex:       It affects your dexterity (+2).
   rElec:     It insulates you from electricity.
   *Rage:     It berserks you when you make melee attacks (+20% chance).
 H - a +5 eudemon blade of holy wrath
Missiles
 v - 3 throwing nets
Armour
 a - a +5 kite shield of cold resistance (worn)
 p - a +2 robe of the Archmagi (worn)
 r - a +2 cloak of preservation (worn)
 U - the +1 helmet "Moerubb" (worn) {rPois Regen+}
   (You acquired it on level 1 of the Depths)

   rPois:     It protects you from poison.
   Regen:     It increases your rate of health regeneration.
Magical Staves
 h - the staff of air "Raikah" {rElec Dex+3}
   (You found it on level 5 of the Vaults)

   [staff of air]

   Your inability to study Air Magic prevents you from drawing on the full power
   of this staff in melee.
   Base accuracy: +5 Base damage: 5 Base attack delay: 1.2 This weapon's minimum
   attack delay (0.6) is reached at skill level 12.
   Dex:       It affects your dexterity (+3).
   rElec:     It insulates you from electricity.
   It falls into the 'Staves' category.
   It is a one-handed weapon.
Jewellery
 k - the ring of Diceax (right hand) {Wiz *Corrode rN+++ Str+4 Dex+4}
   (You found it in the Desolation of Salt)

   [ring of wizardry]

   It improves your spell success rate.
   Str:       It affects your strength (+4).
   Dex:       It affects your dexterity (+4).
   rN:        It renders you almost immune to negative energy.
   *Corrode:  It may corrode you when you take damage.
 y - a +4 ring of protection
 A - the ring "Baycoteq" (left hand) {rPois rC+ rCorr SInv Stlth+}
   (You bought it in a shop on level 7 of the Dungeon)

   [ring of resist corrosion]

   rC:        It protects you from cold.
   rPois:     It protects you from poison.
   SInv:      It lets you see invisible.
   rCorr:     It protects you from acid and corrosion.
   Stlth:     It makes you more stealthy.
 O - the amulet "Vuefreedd" (around neck) {Faith +Blink Fly Will++ Regen+ Dex-3}
   (You took it off an ogre mage on level 5 of the Vaults)

   [amulet of faith]

   It allows you to gain divine favour quickly.
   Dex:       It affects your dexterity (-3).
   Fly:       It grants you flight.
   +Blink:    It lets you blink.
   Regen:     It increases your rate of health regeneration.
   Will:      It greatly increases your willpower.
 V - an amulet of the acrobat
Wands
 g - a wand of digging (12)
 t - a wand of roots (71)
 B - a wand of flame (64)
 D - a wand of mindburst (54)
 E - a wand of polymorph (29)
 J - a wand of paralysis (41)
 Q - a wand of quicksilver (25)
Scrolls
 b - 22 scrolls of teleportation
 c - 8 scrolls of immolation
 e - 8 scrolls of brand weapon
 f - 3 scrolls of enchant armour
 i - 10 scrolls of vulnerability
 j - 4 scrolls of fog
 l - 3 scrolls of silence
 n - 2 scrolls of summoning
 q - 8 scrolls of fear
 G - 7 scrolls of magic mapping
 P - 13 scrolls of poison
 R - 6 scrolls of torment
 S - 3 scrolls of enchant weapon
 T - 3 scrolls of blinking
Potions
 d - 16 potions of heal wounds
 m - 6 potions of resistance
 o - 4 potions of ambrosia
 s - 22 potions of curing
 u - 5 potions of flight
 w - 12 potions of berserk rage
 x - 4 potions of mutation
 z - 4 potions of cancellation
 F - 5 potions of might
 I - 6 potions of attraction
 L - 9 potions of lignification
 M - 4 potions of brilliance
 N - 5 potions of haste
Miscellaneous
 W - a phantom mirror (inert)
 X - a phial of floods


   Skills:
 O Level 27 Fighting
 - Level 22.2 Dodging
 - Level 15.7 Stealth
 - Level 19.0 Shields
 + Level 21.1 Spellcasting
 - Level 10.0 Invocations


You knew the following spells:

 Your Spells              Type           Power      Damage    Failure   Level
a - Sandblast             Erth           100%       2d20      0%          1
b - Enfeeble              Hex            72%        N/A       1%          7
c - Summon Cactus Giant   Summ           72%        N/A       0%          6
d - Static Discharge      Conj/Air       100%       2-7/arc   0%          2
e - Ignition              Fire           72%        3d19      1%          8
f - Malign Gateway        Summ/Tloc      72%        N/A       1%          7
g - Foxfire               Conj/Fire      100%       2x1d9     0%          1
l - Leda's Liquefaction   Hex/Erth       72%        N/A       0%          4
m - Maxwell's Capacitive  Air            72%        ∞         1%          8
p - Petrify               Tmut/Erth      100%       N/A       0%          4
q - Starburst             Conj/Fire      72%        6d19      0%          6
s - Stone Arrow           Conj/Erth      100%       3d13      0%          3
v - Summon Mana Viper     Hex/Summ       100%       N/A       0%          5
w - Passwall              Tmut/Erth      100%       N/A       0%          2
x - Borgnjor's Vile Clut  Necr/Erth      72%        N/A       0%          5
z - Fire Storm            Conj/Fire      72%        8d18      6%          9
Z - Blink                 Tloc           100%       N/A       0%          2
Your spell library was empty.

Dungeon Overview and Level Annotations

Branches:
Dungeon (15/15)            Temple (0/1) D:4            Lair (5/5) D:9
 Shoals (4/4) Lair:2       Spider (4/4) Lair:3        Slime (0/5) Lair:5
    Orc (2/2) D:12            Elf (3/3) Orc:2        Vaults (5/5) D:13
  Crypt (1/3) Vaults:3     Depths (4/4) D:15            Zot (5/5) Depths:4
 Bailey (visited)           IceCv (visited)         Volcano (visited)
Desolation (visited)      Gauntlet (visited)

Altars:
Cheibriados
Elyvilon
Fedhas
Makhleb
Nemelex Xobeh
Okawaru
Ru
Xom
Yredelemnul

Shops:
D:1 [   D:7 =   D:12 ![([   Orc:1 !   Orc:2 ([:   Elf:1 =   Elf:3 *
Shoals:1 :   Shoals:2 *   Shoals:3 *((   Shoals:4 (   Vaults:1 [:   Vaults:5 =!
Depths:1 !?*[(   Depths:2 ::

Portals:
Hell: Depths:1 Depths:2 Depths:3 Depths:4
Abyss: Depths:2 Depths:3 Depths:4
Pandemonium: Depths:2
Ziggurat: Depths:1

Annotations:
D:4 Natasha
Lair:4 2 transporters, Ticunt's ghost, journeyman GrFi
Crypt:1 Mennas


Innate Abilities, Weirdness & Mutations

You are immune to sickness and miasma.
You are immune to poison.
Your flesh is very heat resistant. (rF++)
You are vulnerable to cold. (rC-)
You float through the air rather than walking.
You learn spells naturally, not from books.
Your magical power is your life essence.
You have superior vitality. (+4 MHP)
Your skin changes colour to match your surroundings (Stealth+).
You possess an exceptional clarity of mind.
Your mind is acute. (Int +4, Str/Dex -1)
Your body sometimes deteriorates upon taking damage.
You passively dampen the noise of your surroundings.


Message History

Makhleb accepts your kill.
You feel better.
(D) Dungeon (T) Temple (L) Lair (A) Shoals (N) Spider Nest (M) Slime Pits (O) Orcish Mines (E) Elven Halls (V) Vaults (C) Crypt (U) Depths (H) Hell (Z) Zot
Where to? (Enter - D:1, ? - help)
What level of the Dungeon? (default 1, ? - help)
There is a stone staircase leading up here.
You fly upwards.
There is a stone staircase leading down here.
Casting: Maxwell's Capacitive Coupling (mildly dangerous; 1% risk of failure)
Confirm with . or Enter, or press ? or * to list all spells.
Aiming: Passwall (safe; 0% risk of failure)
Press: ? - help, Dir - move target, f - you Please select a wall.
This square is covered in magical glow.
Okay, then.
Unknown command.
Casting: Passwall (safe; 0% risk of failure)
Confirm with . or Enter, or press ? or * to list all spells.
Aiming: Passwall (safe; 0% risk of failure)
Press: ? - help, Dir - move target A rock wall.
This square is covered in magical glow.
You feel a surge of power!
HP restored.
You begin to meditate on the wall.
You continue meditating on the rock. x2
You finish merging with the rock.
Casting: Passwall (safe; 0% risk of failure)
Confirm with . or Enter, or press ? or * to list all spells.
Aiming: Passwall (safe; 0% risk of failure)
Press: ? - help, Dir - move target A rock wall.
This square is covered in magical glow.
You feel a surge of power!
You begin to meditate on the wall.
You continue meditating on the rock. x2
You finish merging with the rock.
There is an open door here.
There is a staircase leading out of the dungeon here.
You have escaped!

######.#........'.....#.##..#)###
######.#........#.......#........
.......#...##########...#.#.#.#..
....†#.#...#....'...#...#.#.#.#.#
.......#...#....'...#...#.......#
.....#.#...#....#...#...#.#.....#
.)...#.#...#....###'###'#..>....#
.....#.#'####'####..#...#.#.#...#
.......#...#...#@'..#...#.#.##..#
###..###...#...######...#.......#
#..# #...#.....#......#...#.#.#
###..# #...#.#...'......#........
.....###...#.....#......#.......#
...#..##...##############.......#
...#...#.........# #.............
...#.#.#.........###......#.#....
...#.#.#.........#.#......#.#..##


There were no monsters in sight!

Vanquished Creatures
  A seraph (D:15)
  2 dread liches
  8 orbs of fire
  2 ancient liches (Zot:5)
  Mara (Spider:3)
  Bai Suzhen (Vaults:4)
  4 Killer Klowns
  Frederick (Vaults:4)
  A curse toe (Zot:5)
  Saint Roka (Depths:1)
  10 golden dragons
  Nikola (Vaults:2)
  Jory (Crypt:1)
  3 electric golems
  A Tzitzimitl (Depths:2)
  A bone dragon (Depths:1)
  13 tentacled monstrosities
  3 liches
  2 walking crystal tomes (Zot:3)
  A deep elf master archer (Elf:3)
  26 Orb Guardians
  2 deep elf blademasters (Elf:3)
  5 titans (Vaults:5)
  4 quicksilver dragons
  11 death cobs
  6 sphinxes
  12 shadow dragons
  15 storm dragons
  6 tengu reavers
  Kirke (D:13)
  A draconian monk (Zot:2)
  2 imperial myrmidons (Desolation)
  2 daevas
  7 deep elf sorcerers
  An iron dragon (Depths:4)
  A balrug (Depths:1)
  A nargun (Zot:3)
  6 frost giants
  7 fire giants
  10 ghost moths
  6 draconian scorchers
  6 draconian knights
  20 vault wardens
  6 emperor scorpions (Spider:4)
  2 deep elf elementalists (Elf:3)
  4 draconian shifters
  3 orc warlords
  4 spectral caustic shrikes (Depths:3)
  A draconian stormcaller (Zot:2)
  2 spriggan defenders (Depths:3)
  A curse skull (Crypt:1)
  A reaper (Depths:1)
  3 broodmothers
  21 ironbound preservers
  26 very ugly things
  16 stone giants
  3 war gargoyles (Vaults:5)
  11 draconian annihilators
  A demonspawn corrupter (Depths:1)
  A juggernaut skeleton (Depths:2)
  7 ironbound thunderhulks
  2 vampire knights
  14 red draconians
  10 black draconians
  14 dire elephants
  5 deep elf demonologists (Elf:3)
  9 green draconians
  A lorocyproca (Depths:4)
  6 purple draconians
  11 yellow draconians
  20 spark wasps
  Nessos (Orc:2)
  11 deep elf annihilators
  The ghost of cheesebisquit the Basher, a journeyman AtFi of Qazlal (D:12)
  7 white draconians
  2 halazid warlocks (Desolation)
  A minotaur (Gauntlet)
  The ghost of Qesae the Convoker, a journeyman FeSu of Gozag (D:14)
  3 crystal guardians
  4 entropy weavers
  12 ettins
  A quicksilver dragon zombie (Depths:2)
  3 jiangshi (Crypt:1)
  4 ragged hierophants (Desolation)
  3 merfolk javelineers (Shoals:4)
  9 fire dragons
  A blizzard demon (Gauntlet)
  9 merfolk impalers
  9 yaktaur captains
  2 rakshasas (Depths:1)
  8 deep elf death magi
  Harold (D:9)
  A quicksilver dragon skeleton (Crypt:1)
  3 great orbs of eyes
  The ghost of Taczaky the Blocker, a journeyman MiFi of Ashenzari (Shoals:3)
  8 deep elf high priests
  34 vault guards
  A hydra (shapeshifter) (Vaults:5)
  3 ice dragons
  A hell beast (Depths:1)
  4 servants of whispers (Desolation)
  10 peacekeepers
  2 jorogumos
  11 boulder beetles
  12 ironbound frosthearts
  A hydra (D:14)
  2 ogre magi
  3 alligator snapping turtles
  8 spriggan air magi
  3 merfolk aquamancers
  5 radroaches
  22 dancing weapons
  4 tengu warriors
  9 two-headed ogres
  A centaur warrior (D:11)
  A satyr (shapeshifter) (Depths:3)
  6 merfolk avatars
  2 deep troll earth magi
  23 death yaks
  2 satyrs
  4 deep troll shamans
  2 vampire magi
  4 orc high priests
  6 spriggan berserkers
  3 spriggans (Depths:4)
  Nergalle (D:12)
  A soul eater (Depths:2)
  A shadow wraith (Vaults:5)
  2 sixfirhies
  18 deep elf knights
  6 iron trolls
  6 sun demons
  5 hell knights (Depths:2)
  A skeletal warrior (D:14)
  6 pharaoh ants
  42 deep trolls
  2 cherubim (D:15)
  4 skysharks
  A goliath frog (shapeshifter) (Vaults:5)
  2 death drakes (shapeshifter)
  A spectral death yak (Lair:5)
  3 sun moths
  7 deep elf archers
  3 shadow demons
  8 sea snakes
  7 orb spiders
  3 glowing orange brains
  2 tengu zombies
  A kraken simulacrum (Shoals:4)
  A spectral anaconda (Lair:5)
  A flayed ghost (Crypt:1)
  2 obsidian statues
  10 orc knights
  41 deep elf pyromancers
  9 nameless horrors
  4 phantasmal warriors
  7 steelbarb worms
  14 necromancers
  15 ironbound convokers
  13 wizards
  8 lindwurms
  An iron dragon zombie (Crypt:1)
  5 harpies
  22 wolf spiders
  45 ugly things
  An oklob plant (Gauntlet)
  A tengu skeleton (Vaults:3)
  9 fauns
  25 deep elf zephyrmancers
  8 orc sorcerers
  A shining eye (Gauntlet)
  A salamander (Depths:2)
  16 manticores
  18 elephants
  18 vault sentinels
  9 cyclopes
  28 moths of wrath
  Maurice (D:9)
  3 guardian serpents (Desolation)
  A guardian serpent (shapeshifter) (D:14)
  33 slime creatures
  2 black mambas
  A rust devil (D:8)
  A black mamba (shapeshifter) (Elf:3)
  An elf zombie (Vaults:3)
  An ice statue (IceCv)
  7 demonic crawlers
  8 smoke demons
  A molten gargoyle (Desolation)
  5 orange demons
  4 water nymphs
  6 merfolk sirens
  2 gargoyles
  A hellion (Depths:2)
  A yaktaur zombie (Vaults:3)
  13 cane toads
  3 torpor snails
  Psyche (D:12)
  An efreet (D:15)
  29 yaktaurs
  4 unseen horrors
  A kobold demonologist (Depths:3)
  7 rime drakes
  8 komodo dragons
  4 freezing wraiths
  3 ice devils
  A tengu conjurer (D:15)
  34 merfolk
  6 meliai (D:15)
  6 hornets
  A hellwing (Depths:2)
  A troll (shapeshifter) (D:13)
  5 wind drakes
  9 polar bears (IceCv)
  15 trolls
  29 tarantellas
  53 saltlings
  20 dream sheep
  16 blink frogs
  11 snapping turtles
  15 culicivoras
  An air elemental (Elf:2)
  28 jumping spiders
  9 centaur simulacra
  11 water elementals
  3 flying skulls (Crypt:1)
  63 yaks
  8 wraiths
  4 wyverns
  A vampire (Vaults:3)
  2 fire elementals
  3 shadows
  A ynoxinul (Depths:2)
  4 hogs (D:13)
  6 basilisks
  A chaos spawn (Zot:5)
  2 vampire mosquitoes (D:12)
  Grum (D:10)
  A redback (shapeshifter) (Vaults:4)
  A neqoxec (Depths:2)
  4 steam dragons
  41 redbacks
  A harpy simulacrum (D:14)
  8 wargs
  2 acid dragons
  13 water moccasins
  2 hell hounds (Volcano)
  Duvessa (D:6)
  A floating eye (Gauntlet)
  2 ice beasts (D:6)
  51 orc warriors
  A sky beast (D:7)
  A black bear (D:5)
  A meliai simulacrum (D:12)
  29 wolves
  5 boggarts
  8 ogres
  7 centaurs
  A snapping turtle skeleton (Crypt:1)
  2 gnoll sergeants
  2 kobold brigands (Depths:3)
  Blork the orc (D:6)
  2 earth elementals
  14 bullfrogs
  A cane toad simulacrum (Lair:5)
  5 scorpions
  Dowan (D:6)
  2 elephant simulacra (Lair:5)
  20 killer bees
  9 howler monkeys
  A spectral bullfrog (D:4)
  4 crimson imps (D:11)
  5 jellies
  4 hounds
  A gnoll bouda (D:5)
  30 orc priests
  Crazy Yiuf (D:2)
  3 sleepcaps
  4 iguanas
  A scorpion zombie (D:4)
  31 orc wizards
  Natasha (twice) (D:4)
  3 hell rats (Lair:5)
  A polar bear simulacrum (Lair:5)
  A wolf simulacrum (Lair:5)
  A hound skeleton (D:4)
  A howler monkey zombie (D:4)
  16 gnolls
  9 adders
  A hound simulacrum (D:4)
  2 white imps
  4 ufetubi
  A worm zombie (Crypt:1)
  An adder zombie (D:4)
  2 worms (D:2)
  A dart slug (D:3)
  108 orcs
  10 ball pythons
  10 endoplasms
  11 goblins
  10 hobgoblins
  4 jackals (D:1)
  10 kobolds
  3 quokkas
  3 training dummies (Depths:1)
  11 bats
  9 frilled lizards
  11 rats
2276 creatures vanquished.

Vanquished Creatures (collateral kills)
  A pandemonium lord (Zot:5)
  A tentacled monstrosity (Zot:2)
  An Orb Guardian (Zot:5)
  A death cob (Zot:5)
  A sphinx (Vaults:5)
  A shadow dragon (Zot:3)
  A fire giant (Depths:3)
  A nargun (Zot:3)
  A draconian monk (Zot:1)
  An emperor scorpion (Spider:1)
  A frost giant (Vaults:3)
  Louise (Depths:2)
  A vault warden (Vaults:3)
  An iron dragon (Depths:2)
  A draconian annihilator (Zot:2)
  2 ironbound preservers (Vaults:3)
  A very ugly thing (Depths:4)
  A stone giant (Depths:2)
  A vampire knight (Vaults:3)
  A green draconian (Zot:2)
  A yellow draconian (Zot:3)
  2 white draconians
  A spark wasp (Depths:2)
  A purple draconian (Zot:3)
  A merfolk impaler (Shoals:1)
  2 ragged hierophants (Desolation)
  A deep elf high priest (Elf:3)
  A servant of whispers (Desolation)
  A yaktaur captain (Vaults:3)
  3 peacekeepers (Desolation)
  2 ironbound frosthearts (Vaults:3)
  A death knight (Crypt:1)
  An ogre mage (Vaults:5)
  9 dancing weapons (Elf:2)
  A spriggan berserker (Depths:2)
  A deep troll shaman (Depths:2)
  A hell knight (Depths:2)
  3 deep trolls
  An orb spider (Spider:4)
  2 necromancers (Lair:5)
  A deep elf pyromancer (Elf:2)
  2 fauns (Shoals:3)
  4 ugly things
  A cyclops (D:14)
  A stone giant skeleton (Vaults:3)
  A manticore (Shoals:3)
  A fire giant skeleton (Vaults:3)
  A cane toad (Lair:5)
  2 merfolk
  A polar bear (IceCv)
  11 saltlings (Desolation)
  2 dream sheep (Shoals:3)
  A snapping turtle (Shoals:3)
  2 jumping spiders (Spider:4)
  A slime creature (Vaults:3)
  2 vampires (Vaults:3)
  A water elemental (Shoals:3)
  3 yaks
  A redback (Spider:1)
  A death yak simulacrum (Lair:5)
  A wolf (IceCv)
  An elephant skeleton (Lair:5)
  A draconian zombie (Crypt:1)
  An elephant simulacrum (Lair:5)
  A hell rat (Lair:5)
102 creatures vanquished.

Vanquished Creatures (others)
  20 eldritch tentacles
  A centaur warrior (D:14)
  A human skeleton (Vaults:3)
  A tarantella (Spider:4)
  A water elemental (Shoals:3)
  A human (D:13)
  105 fire vortices
  101 foxfires
  12 fungi
  71 plants
  4 tentacles (Shoals:4)
  34 withered plants
352 creatures vanquished.

Grand Total: 2730 creatures vanquished

Notes
Turn   | Place    | Note
-------+----------+-------------------------------------------
     0 | D:1      | bobo the Djinni Earth Elementalist began the quest for the
                  | Orb.
     0 | D:1      | bobo set off with the following spells memorised:
                  | Sandblast, Passwall, Stone Arrow, Petrify.
     0 | D:1      | Reached XP level 1. HP: 15/15 MP: 0/0
   236 | D:1      | Reached XP level 2. HP: 17/22 MP: 0/0
   241 | D:1      | Reached skill level 1 in Fighting
   386 | D:1      | Found Esok's Antique Armour Shop.
   448 | D:1      | Reached XP level 3. HP: 27/27 MP: 0/0
   448 | D:1      | Learned a level 1 spell: Foxfire
  1061 | D:2      | Reached skill level 2 in Fighting
  1089 | D:2      | Reached XP level 4. HP: 24/33 MP: 0/0
  1688 | D:2      | Found a runed translucent door.
  1689 | D:2      | Noticed Crazy Yiuf
  1694 | D:2      | Killed Crazy Yiuf
  1695 | D:2      | Reached XP level 5. HP: 34/40 MP: 0/0
  1695 | D:2      | Learned a level 2 spell: Static Discharge
  1859 | D:3      | Reached skill level 3 in Fighting
  1882 | D:3      | Found a burning altar of Makhleb.
  1898 | D:3      | Became a worshipper of Makhleb the Destroyer
  1918 | D:3      | Found a white marble altar of Elyvilon.
  2074 | D:3      | Found a sparkling altar of Nemelex Xobeh.
  2725 | D:3      | Noticed a centaur
  2735 | D:3      | Killed a centaur
  2735 | D:3      | Reached * piety under Makhleb
  2736 | D:3      | Reached XP level 6. HP: 23/46 MP: 0/0
  2904 | D:4      | Found a staircase to the Ecumenical Temple.
  3240 | D:4      | Reached skill level 4 in Fighting
  3240 | D:4      | Reached XP level 7. HP: 46/52 MP: 0/0
  3240 | D:4      | Learned a level 2 spell: Blink
  3472 | D:4      | Noticed Natasha
  3480 | D:4      | Killed Natasha
  3573 | D:4      | Reached skill level 5 in Spellcasting
  3672 | D:4      | Identified the +3 dagger "Tiepna" {pain, Will++}
  3802 | D:4      | Reached XP level 8. HP: 45/58 MP: 0/0
  3927 | D:4      | Reached skill level 5 in Fighting
  4143 | D:4      | Noticed Natasha
  4149 | D:4      | Killed Natasha
  4225 | D:5      | Entered Level 5 of the Dungeon
  4333 | D:5      | Reached ** piety under Makhleb
  4676 | D:5      | Reached skill level 6 in Fighting
  5310 | D:6      | Reached XP level 9. HP: 60/66 MP: 0/0
  5310 | D:6      | Learned a level 4 spell: Leda's Liquefaction
  5743 | D:6      | Noticed Blork the orc
  5747 | D:6      | Killed Blork the orc
  5848 | D:6      | Noticed Dowan
  5850 | D:6      | Noticed Duvessa
  6067 | D:6      | Killed Dowan
  6068 | D:6      | Reached skill level 7 in Fighting
  6082 | D:6      | Killed Duvessa
  6270 | D:6      | Reached *** piety under Makhleb
  6791 | D:7      | Reached XP level 10. HP: 71/76 MP: 0/0
  7014 | D:7      | Found a flagged portal.
  7025 | Bailey   | Entered a bailey
  7141 | Bailey   | Noticed an orc knight
  7161 | Bailey   | Killed an orc knight
  7162 | Bailey   | Reached skill level 8 in Fighting
  7445 | Bailey   | Found a large runed translucent door.
  7445 | Bailey   | Found a large runed translucent door.
  7446 | Bailey   | Noticed a deep elf pyromancer
  7523 | Bailey   | Killed a deep elf pyromancer
  7615 | D:7      | Found a snail-covered altar of Cheibriados.
  7650 | D:7      | Found a blossoming altar of Fedhas.
  7688 | D:7      | Found Pomn's Jewellery Shoppe.
  7701 | D:7      | Bought an amulet of regeneration for 330 gold pieces
  7918 | D:7      | Found a basalt altar of Yredelemnul.
  8116 | D:8      | Reached skill level 1 in Shields
  8245 | D:8      | Reached skill level 9 in Fighting
  8320 | D:8      | Reached **** piety under Makhleb
  8844 | D:9      | Reached XP level 11. HP: 84/84 MP: 0/0
  8844 | D:9      | Learned a level 5 spell: Borgnjor's Vile Clutch
  8882 | D:9      | Noticed Harold
  8888 | D:9      | Killed Harold
  8889 | D:9      | Reached skill level 10 in Spellcasting
  8984 | D:9      | Noticed Maurice
  8990 | D:9      | Killed Maurice
  9088 | D:9      | Reached skill level 10 in Fighting
  9147 | D:9      | Found a staircase to the Lair.
  9462 | D:9      | Reached skill level 5 in Shields
  9480 | D:10     | Entered Level 10 of the Dungeon
  9610 | D:10     | Reached ***** piety under Makhleb
  9696 | D:10     | Noticed Grum
  9704 | D:10     | Killed Grum
 10013 | D:10     | Found an iron altar of Okawaru.
 10246 | D:11     | Reached XP level 12. HP: 91/93 MP: 0/0
 10292 | D:11     | Reached skill level 1 in Invocations
 10316 | D:11     | Noticed a boulder beetle
 10336 | D:11     | Killed a boulder beetle
 10451 | D:11     | Reached skill level 11 in Fighting
 10678 | D:11     | Noticed a boulder beetle
 10695 | D:11     | Killed a boulder beetle
 10764 | D:11     | Noticed a centaur warrior
 10772 | D:11     | Killed a centaur warrior
 10829 | D:11     | Noticed a boulder beetle
 10871 | D:11     | Killed a boulder beetle
 10872 | D:11     | Reached skill level 5 in Dodging
 11098 | D:11     | Noticed a two-headed ogre
 11102 | D:11     | Killed a two-headed ogre
 11140 | D:11     | Reached skill level 5 in Invocations
 11209 | D:11     | Found a shimmering altar of Xom.
 11336 | D:12     | Found Hoyngot's Antique Armour Emporium.
 11377 | D:12     | Noticed Psyche
 11388 | D:12     | Killed Psyche
 11461 | D:12     | Reached skill level 12 in Fighting
 11471 | D:12     | Found Konifep's Antique Weapon Shoppe.
 11530 | D:12     | Reached XP level 13. HP: 100/101 MP: 0/0
 11530 | D:12     | Learned a level 5 spell: Summon Mana Viper
 11597 | D:12     | Found a runed translucent gate.
 11598 | D:12     | Found a runed translucent gate.
 11599 | D:12     | Found a runed translucent gate.
 11621 | D:12     | Noticed cheesebisquit's ghost (journeyman AtFi)
 11648 | D:12     | Found a staircase to the Orcish Mines.
 11814 | D:12     | Found Pehul's Distillery.
 11978 | D:12     | Found Nuniuk's Antique Armour Shop.
 12035 | D:12     | Noticed Nergalle
 12046 | D:12     | Killed Nergalle
 12218 | Lair:1   | Entered Level 1 of the Lair of Beasts
 12908 | Lair:2   | Found a dark tunnel.
 12910 | Volcano  | Entered a volcano
 12937 | Volcano  | Reached skill level 13 in Fighting
 13115 | Volcano  | Noticed a fire dragon
 13127 | Volcano  | Killed a fire dragon
 13286 | Lair:2   | Reached XP level 14. HP: 108/110 MP: 0/0
 13288 | Lair:2   | Reached ****** piety under Makhleb
 13606 | Lair:2   | Found a staircase to the Shoals.
 13676 | Lair:2   | Reached skill level 10 in Dodging
 14426 | Lair:3   | Found a hole to the Spider Nest.
 14483 | Lair:3   | Reached skill level 14 in Fighting
 14998 | Lair:4   | Noticed Ticunt's ghost (journeyman GrFi)
 15046 | Lair:4   | Found a transporter.
 15074 | Lair:4   | Found a transporter.
 15090 | Lair:4   | Reached skill level 10 in Invocations
 15340 | Lair:4   | Reached XP level 15. HP: 93/118 MP: 0/0
 15340 | Lair:4   | Learned a level 6 spell: Summon Cactus Giant
 15869 | Lair:5   | Entered Level 5 of the Lair of Beasts
 15969 | Lair:5   | Found a frozen archway.
 15974 | Lair:5   | Reached skill level 15 in Fighting
 15985 | IceCv    | Entered an ice cave
 16478 | IceCv    | Reached skill level 5 in Stealth
 16633 | IceCv    | Noticed a frost giant
 16648 | IceCv    | Killed a frost giant
 16980 | Lair:5   | Found a staircase to the Slime Pits.
 17453 | Lair:5   | Reached XP level 16. HP: 125/128 MP: 0/0
 17637 | Lair:5   | Reached skill level 16 in Fighting
 17744 | Lair:5   | Got Kikubaaqudgh's Thoughts on Evil
 18274 | Orc:1    | Entered Level 1 of the Orcish Mines
 18433 | Shoals:1 | Entered Level 1 of the Shoals
 19218 | Shoals:1 | Found Fiutt's Book Shop.
 19499 | Shoals:2 | Found Xapugg's Assorted Antiques.
 19508 | Shoals:2 | You are sucked into a shaft and drop 1 floor!
 19508 | Shoals:3 | Found Seoni's Weapon Boutique.
 19607 | Shoals:3 | Reached skill level 10 in Shields
 19875 | Shoals:3 | Found Saoral's Antique Weapon Boutique.
 19878 | Shoals:3 | Bought a smoking dagger for 280 gold pieces
 19878 | Shoals:3 | Identified the +3 dagger "Hoamasul" {vamp, Str+3 Dex-2}
                  | (You bought it in a shop on level 3 of the Shoals)
 20252 | Shoals:3 | Reached XP level 17. HP: 125/133 MP: 0/0
 20252 | Shoals:3 | Learned a level 6 spell: Starburst
 20319 | Shoals:3 | Found Poanwohie's General Store.
 20327 | Shoals:3 | Bought a staff of conjuration for 275 gold pieces
 20336 | Shoals:3 | Found a runed translucent gate.
 20336 | Shoals:3 | Found a runed translucent gate.
 20336 | Shoals:3 | Found a runed translucent gate.
 20340 | Shoals:3 | Noticed Taczaky's ghost (journeyman MiFi)
 20749 | Shoals:4 | Entered Level 4 of the Shoals
 21068 | D:12     | Killed cheesebisquit's ghost
 21118 | D:12     | Got the ring of Fuetyani {Fire *Corrode +Blink MP+9 Dex-4}
 21225 | D:13     | Found a gate leading to a gauntlet.
 21234 | Gauntlet | Entered a Gauntlet
 21234 | Gauntlet | Found a transporter.
 21234 | Gauntlet | Found a transporter.
 21234 | Gauntlet | Found a transporter.
 21234 | Gauntlet | Found a transporter.
 21254 | Gauntlet | Found a transporter.
 21264 | Gauntlet | Found a transporter.
 21268 | Gauntlet | Found a transporter.
 21284 | Gauntlet | Found a transporter.
 21299 | Gauntlet | Found a transporter.
 21304 | Gauntlet | Found a transporter.
 21308 | Gauntlet | Found a transporter.
 21323 | Gauntlet | Found a transporter.
 21447 | Gauntlet | Gained mutation: You are weak. (Str -2) [a shining eye]
 21884 | D:13     | Noticed Kirke
 21890 | D:13     | Killed Kirke
 21947 | D:13     | Lost mutation: You are weak. (Str -2) [potion of mutation]
 21947 | D:13     | Gained mutation: You possess an exceptional clarity of
                  | mind. [potion of mutation]
 21947 | D:13     | Gained mutation: You are occasionally teleported next to
                  | monsters. [potion of mutation]
 21947 | D:13     | Gained mutation: Your mind is acute. (Int +4, Str/Dex -1)
                  | [potion of mutation]
 21982 | D:13     | Lost mutation: You are occasionally teleported next to
                  | monsters. [potion of mutation]
 21982 | D:13     | Lost mutation: You possess an exceptional clarity of mind.
                  | [potion of mutation]
 21982 | D:13     | Gained mutation: You have hidden genetic potential. [potion
                  | of mutation]
 21982 | D:13     | Gained mutation: You are clumsy. (Dex -2) [potion of
                  | mutation]
 22121 | D:13     | Found a gate to the Vaults.
 22341 | D:14     | Found a runed translucent door.
 22355 | D:14     | Noticed Qesae's ghost (journeyman FeSu)
 22697 | D:14     | Noticed a sphinx
 22836 | Spider:1 | Entered Level 1 of the Spider Nest
 23604 | Spider:1 | Reached XP level 18. HP: 123/139 MP: 0/0
 23886 | Spider:1 | Reached XP level 19. HP: 145/145 MP: 0/0
 23886 | Spider:1 | Learned a level 7 spell: Enfeeble
 24138 | D:14     | Killed Qesae's ghost
 24554 | D:14     | Identified the +1 lajatang of Bodily Harmony {speed,
                  | Fragile rC- rCorr MP+9}
 24665 | D:15     | Entered Level 15 of the Dungeon
 24705 | D:15     | Reached skill level 15 in Shields
 24890 | D:15     | Gained mutation: You are robust. (+10% HP) [hidden
                  | potential]
 25396 | D:15     | Found a staircase to the Depths.
 25583 | Depths:1 | Entered Level 1 of the Depths
 25864 | Orc:2    | Entered Level 2 of the Orcish Mines
 25864 | Orc:2    | Found a staircase to the Elven Halls.
 25869 | Orc:2    | Noticed Nessos
 25878 | Orc:2    | Killed Nessos
 26058 | Orc:2    | Found Aviveoc's Antique Armour Shoppe.
 26059 | Orc:2    | Found Kile's Antique Weapon Emporium.
 26061 | Orc:2    | Found Soxteeph's General Store.
 26061 | Orc:2    | Found Oleefiw's Book Shoppe.
 26435 | Orc:1    | Found Kuobaseo's Distillery.
 26467 | Orc:1    | Bought a potion of heal wounds for 80 gold pieces
 27229 | Spider:2 | Identified the +3 leather armour of the Black Moon {rPois
                  | rF- Int+3 Stlth+}
 27243 | Spider:2 | Reached XP level 20. HP: 116/166 MP: 0/0
 27506 | Spider:3 | Noticed Mara
 27520 | Spider:3 | Killed Mara
 27900 | Spider:4 | Entered Level 4 of the Spider Nest
 27919 | Spider:4 | Lost mutation: You are clumsy. (Dex -2) [hidden potential]
 27919 | Spider:4 | Lost mutation: You have hidden genetic potential. [hidden
                  | potential expressed]
 28627 | Spider:4 | Got a gossamer rune of Zot
 29058 | Shoals:3 | Killed Taczaky's ghost
 29227 | Shoals:4 | Got a barnacled rune of Zot
 29435 | Shoals:4 | Reached XP level 21. HP: 131/174 MP: 0/0
 29435 | Shoals:4 | Learned a level 8 spell: Ignition
 29469 | Shoals:4 | Identified a scroll of acquirement
 29517 | Shoals:4 | Acquired 541 gold pieces
 29606 | Shoals:4 | Reached skill level 17 in Fighting
 29958 | Shoals:4 | Found Jeokoym's Weapon Boutique.
 29977 | Shoals:4 | Bought the +9 rapier "Nianedy" {holy, *Rage rElec Int+8
                  | Dex+2} for 1361 gold pieces
 30257 | Vaults:1 | Entered Level 1 of the Vaults
 30445 | Vaults:1 | Reached skill level 15 in Spellcasting
 30612 | Vaults:1 | Found Giezoh's Book Boutique.
 31164 | Vaults:1 | Found Fazix's Armour Shoppe.
 31287 | Vaults:1 | Acquired a manual of Stealth
 31359 | Vaults:2 | Reached skill level 15 in Dodging
 31415 | Vaults:2 | Reached skill level 10 in Stealth
 31435 | Vaults:2 | Noticed Nikola
 31450 | Vaults:2 | Killed Nikola
 31461 | Vaults:2 | Found a crumbling gateway.
 31465 | Desolati | Entered the Desolation of Salt
 31544 | Desolati | Identified the +0 leather armour "Qaur" {+Inv Will- rCorr}
 31564 | Desolati | Reached skill level 18 in Fighting
 31603 | Desolati | Identified the ring of Diceax {Wiz *Corrode rN+++ Str+4
                  | Dex+4}
 31662 | Desolati | Identified the +7 executioner's axe of Terror {flame,
                  | Contam Str+2 Int+6 Stlth+}
 31668 | Desolati | Reached XP level 22. HP: 185/185 MP: 0/0
 31829 | Desolati | Identified the ring of Uskayaw's Condemnation {rF+ MP+9
                  | Slay+5}
 31888 | Desolati | Identified the +0 buckler "Jasu" {rPois Will- SInv}
 32080 | Desolati | Identified the +6 battleaxe "Wiroh" {drain, *Rage rPois
                  | Int+3 Stlth+}
 33457 | Vaults:3 | Reached skill level 19 in Fighting
 33852 | Vaults:3 | Reached XP level 23. HP: 195/195 MP: 0/0
 33852 | Vaults:3 | Learned a level 7 spell: Malign Gateway
 34961 | Vaults:3 | Reached skill level 15 in Stealth
 34969 | Vaults:3 | Found a staircase to the Crypt.
 34979 | Crypt:1  | Entered Level 1 of the Crypt
 34979 | Crypt:1  | Noticed Jory
 34985 | Crypt:1  | Killed Jory
 35017 | Crypt:1  | Noticed Mennas
 35138 | Vaults:4 | Noticed Frederick
 35145 | Vaults:4 | Killed Frederick
 35183 | Vaults:4 | Reached skill level 20 in Fighting
 35721 | Vaults:4 | Identified the staff of cold "Reirr" {rC+ Will+}
 35747 | Vaults:4 | Noticed Bai Suzhen
 35759 | Vaults:4 | Killed Bai Suzhen
 35897 | Vaults:5 | Entered Level 5 of the Vaults
 35900 | Vaults:5 | Reached XP level 24. HP: 193/206 MP: 0/0
 35921 | Vaults:5 | Noticed a dread lich
 35934 | Vaults:5 | Reached skill level 21 in Fighting
 35942 | Vaults:5 | Killed a dread lich
 35950 | Vaults:5 | Identified the +1 long sword of Bydyt {spect, Fly rF++
                  | Str-4 Dex+3}
 35950 | Vaults:5 | Identified the amulet "Vuefreedd" {Faith +Blink Fly Will++
                  | Regen+ Dex-3}
 35956 | Vaults:5 | Paralysed by an ogre mage for 5 turns
 35967 | Vaults:4 | Gained mutation: Potions are less effective at restoring
                  | your health. [mutagenic glow]
 36362 | Elf:1    | Entered Level 1 of the Elven Halls
 37163 | Elf:1    | Found Nolyar's Jewellery Emporium.
 37440 | Elf:2    | Reached XP level 25. HP: 195/217 MP: 0/0
 37440 | Elf:2    | Learned a level 8 spell: Maxwell's Capacitive Coupling
 37748 | Elf:2    | Found a runed translucent gate.
 37748 | Elf:2    | Found a runed translucent gate.
 37748 | Elf:2    | Found a runed translucent gate.
 37868 | Elf:2    | Reached skill level 22 in Fighting
 38317 | Elf:3    | Entered Level 3 of the Elven Halls
 38455 | Elf:3    | Found Ityodas's Assorted Antiques.
 38465 | Elf:3    | Bought a potion of experience for 1900 gold pieces
 39285 | Elf:3    | Identified the amulet "Sucavui" {Faith rPois rF++ Str-2
                  | Slay+2}
 39297 | Elf:3    | Identified the ring of Ucikh {AC+4 Str+3 Slay+4}
 39308 | Elf:3    | Identified the +6 short sword of Megalomania {flame, Fly
                  | Int+3 Dex-4 Stlth+}
 39393 | Elf:3    | Identified the +3 short sword of Disintegration {vamp,
                  | Int+2}
 39397 | Elf:3    | Identified the staff of death "Muric" {rC+ rN+}
 39458 | Elf:3    | Identified the staff of poison "Feomm" {rPois rF++}
 39459 | Elf:3    | Identified the staff of poison "Karheu Vuel" {rPois Str+4
                  | Dex+3}
 39844 | Vaults:5 | Identified the +7 broad axe of Mastery {heavy, rC+} (You
                  | took it off a vault guard on level 5 of the Vaults)
 39976 | Vaults:5 | Got a silver rune of Zot
 39988 | Vaults:5 | Identified the staff of air "Raikah" {rElec Dex+3}
 40413 | Vaults:5 | Reached XP level 26. HP: 227/227 MP: 0/0
 40600 | Vaults:5 | Identified the ring "Hutoijeqegg" {Fly rF+ SInv}
 40795 | Vaults:5 | Found Geaptiad's Distillery.
 40796 | Vaults:5 | Found Monaz's Jewellery Boutique.
 40925 | Vaults:5 | Identified the +0 pair of boots "Xuquryet" {rPois Will-
                  | Dex+3}
 41249 | D:7      | Bought the ring "Baycoteq" {rPois rC+ rCorr SInv Stlth+}
                  | for 497 gold pieces
 41497 | Depths:1 | Found Qeoreel's Firing Range.
 41633 | Depths:1 | Found a gateway to Hell.
 41725 | Depths:1 | Found a one-way gateway to a ziggurat.
 41878 | Depths:1 | Noticed Saint Roka
 41885 | Depths:1 | Killed Saint Roka
 41889 | Depths:1 | Found Zelor's Antique Armour Emporium.
 41889 | Depths:1 | Found Eseuf's Distillery.
 41892 | Depths:1 | Found Buiruw Vaetz's Magic Scroll Shoppe.
 41893 | Depths:1 | Found Xarax's Assorted Antiques.
 41924 | Depths:1 | Bought a potion of heal wounds for 75 gold pieces
 41924 | Depths:1 | Bought a potion of heal wounds for 75 gold pieces
 42184 | Depths:1 | Acquired the +1 helmet "Moerubb" {rPois Regen+}
 42328 | Depths:2 | Noticed Louise
 42333 | Depths:2 | Killed Louise
 42337 | Depths:2 | Found a one-way gate to the infinite horrors of the Abyss.
 42503 | Depths:2 | Found Giproed's Jewellery Shop.
 42504 | Depths:2 | Found Ontob's Book Shoppe.
 42504 | Depths:2 | Found Okeih's Book Shoppe.
 42688 | Depths:2 | Found a one-way gate leading to the halls of Pandemonium.
 43075 | Depths:2 | Identified the +8 great sword of Linearity {antimagic,
                  | Stlth+}
 43086 | Depths:2 | Reached skill level 23 in Fighting
 44130 | Depths:3 | Reached XP level 27. HP: 236/236 MP: 0/0
 44130 | Depths:3 | Learned a level 9 spell: Fire Storm
 44273 | Depths:4 | Entered Level 4 of the Depths
 44772 | Depths:4 | Found a sacrificial altar of Ru.
 44802 | Depths:4 | Found a blossoming altar of Fedhas.
 44970 | Depths:4 | Found a gate to the Realm of Zot.
 45089 | Depths:4 | Reached skill level 24 in Fighting
 45404 | Zot:1    | Entered Level 1 of the Realm of Zot
 46584 | Zot:2    | Noticed an orb of fire
 46718 | Zot:2    | Gained mutation: Your spells are a little easier to cast,
                  | but a little less powerful. [an orb of fire]
 46723 | Zot:2    | Killed an orb of fire
 46724 | Zot:2    | Lost mutation: Potions are less effective at restoring your
                  | health. [potion of mutation]
 46724 | Zot:2    | Lost mutation: You are robust. (+10% HP) [potion of
                  | mutation]
 46724 | Zot:2    | Lost mutation: Your mind is acute. (Int +4, Str/Dex -1)
                  | [potion of mutation]
 46724 | Zot:2    | Lost mutation: Your spells are a little easier to cast, but
                  | a little less powerful. [potion of mutation]
 46825 | Zot:2    | Reached skill level 25 in Fighting
 47389 | Zot:3    | Noticed a Killer Klown
 47397 | Zot:3    | Killed a Killer Klown
 48212 | Zot:4    | Reached skill level 26 in Fighting
 48489 | Zot:5    | Entered Level 5 of the Realm of Zot
 49001 | Zot:5    | Noticed a dread lich
 49008 | Zot:5    | Killed a dread lich
 49207 | Zot:5    | Noticed a Killer Klown
 49209 | Zot:5    | Killed a Killer Klown
 49211 | Zot:5    | Noticed an ancient lich
 49212 | Zot:5    | Noticed an orb of fire
 49214 | Zot:5    | Noticed an orb of fire
 49215 | Zot:5    | Killed an orb of fire
 49216 | Zot:5    | Noticed an orb of fire
 49216 | Zot:5    | Gained mutation: Potions are less effective at restoring
                  | your health. [an orb of fire]
 49232 | Zot:5    | Gained mutation: Your spells are a little easier to cast,
                  | but a little less powerful. [an orb of fire]
 49234 | Zot:5    | Killed an orb of fire
 49234 | Zot:5    | Noticed an orb of fire
 49235 | Zot:5    | Noticed a Killer Klown
 49241 | Zot:5    | Killed an ancient lich
 49255 | Zot:5    | Killed a Killer Klown
 49259 | Zot:5    | Gained mutation: Your mind is acute. (Int +4, Str/Dex -1)
                  | [an orb of fire]
 49260 | Zot:5    | Killed an orb of fire
 49261 | Zot:5    | Lost mutation: Potions are less effective at restoring your
                  | health. [potion of mutation]
 49261 | Zot:5    | Lost mutation: Your spells are a little easier to cast, but
                  | a little less powerful. [potion of mutation]
 49261 | Zot:5    | Gained mutation: You possess an exceptional clarity of
                  | mind. [potion of mutation]
 49261 | Zot:5    | Gained mutation: Your body sometimes deteriorates upon
                  | taking damage. [potion of mutation]
 49261 | Zot:5    | Gained mutation: You passively dampen the noise of your
                  | surroundings. [potion of mutation]
 49266 | Zot:5    | Killed an orb of fire
 49338 | Zot:5    | Noticed an ancient lich
 49343 | Zot:5    | Killed an ancient lich
 49399 | Zot:5    | Noticed a Killer Klown
 49403 | Zot:5    | Killed a Killer Klown
 49405 | Zot:5    | Reached skill level 27 in Fighting
 49405 | Zot:5    | Noticed an orb of fire
 49409 | Zot:5    | Killed an orb of fire
 49415 | Zot:5    | Noticed an orb of fire
 49429 | Zot:5    | Noticed an orb of fire
 49430 | Zot:5    | Gained mutation: Your skin changes colour to match your
                  | surroundings (Stealth+). [an orb of fire]
 49432 | Zot:5    | Killed an orb of fire
 49437 | Zot:5    | Killed an orb of fire
 49571 | Zot:5    | Got the Orb of Zot
 49607 | Zot:5    | Noticed Innatred the pandemonium lord
 49610 | Zot:5    | Killed Innatred the pandemonium lord
 49928 | D:15     | Noticed a seraph
 49937 | D:15     | Killed a seraph
 50112 | D:4      | Noticed Natasha
 50208 | D:$      | Escaped with the Orb!

Illustrated notes

Levels and vault maps discovered:
D:1:      minmay_arrival_widening_spiral_wide, layout_basic, serial_shops, shop,
          chequers_serial_rivers_micro_d, minmay_misc_feat_more_columns,
          nrook_uturn, grunt_decor_resistance
D:2:      layout_loops_ring, uniq_crazy_yiuf_cottage
D:3:      minmay_bubble_buster, layout_basic, amcnicky_altar_gilded,
          mainiacjoe_overflow_boulevard, nemelex_diamond_rough_becter
D:4:      layout_loops_corners, minmay_temple_entry_tees,
          dilly_guarded_unrand_morg
D:5:      layout_loops_ring
D:6:      layout_basic, st_stairs_3, uniq_blork_the_orc, uniq_duvessa
D:7:      layout_loops_ring, mainiacjoe_overflow_alcove_4,
          grunt_temple_overflow_open, enter_bailey_3, serial_shops,
          nicolae_shop_tiny_glass
D:8:      layout_basic, special_room [special_room_orc],
          minmay_stone_trees_medium, st_stairs_7
D:9:      layout_basic, erik_lair_orcish_takeover, minmay_misc_feat_encased,
          uniq_harold, uniq_maurice
D:10:     layout_small_grid, old_standard_altar, uniq_grum
D:11:     cheibrodos_barr_body, layout_stronghold, led_xom_imps
D:12:     layout_loops_ring, minmay_orc_entry_guard_dogs, serial_shops,
          nicolae_stop_n_shop_1, shop, shop, nicolae_shop_crystal,
          gammafunk_ghost_icy, uniq_nergalle, uniq_psyche
D:13:     layout_loops_ring, david_vaults_5, gauntlet_entry_generic, uniq_kirke
D:14:     minmay_outward_triangles, layout_long_grid,
          ebering_ghost_reflecting_pool
D:15:     grunt_enter_depths_snipers, layout_loops_ring, led_sif_pool
Lair:1:   layout_chaotic_city, beast_lair_carwin_11, lemuel_fruit_tree
Lair:2:   layout_hall_layers, minmay_shoals_entry_lonely_mermaid,
          enter_volcano_1
Lair:3:   layout_cellular_growth, spider_nest_entry_rubble
Lair:4:   layout_hall_layers, gammafunk_ghost_berserking_beasts,
          amcnicky_mini_pool_medium
Lair:5:   due_jungle_book, layout_hall_layers, nicolae_slime_entry_slimehenge,
          portal_ice_cave_entry_ice_simulacra, grunt_megastairs_2,
          serial_bayou_shore_b, lemuel_fruit_fields
Shoals:1: layout_shoals, serial_shops, nicolae_book_shop_shelving,
          nicolae_shoals_wave_tunnel
Shoals:2: layout_shoals, nicolae_take_the_stairs
Shoals:3: layout_shoals, serial_shops, nicolae_shop_scrapyard, shop,
          nicolae_shop_real_fake_doors, ebering_ghost_rock_garden
Shoals:4: shoals_end_grunt_ice, layout_shoals, serial_shops, shop
Spider:1: layout_spider_delve
Spider:2: layout_spider_delve
Spider:3: layout_spider_delve, dreamdust_wasp_nest, uniq_mara
Spider:4: guppyfry_spider_rune
Orc:1:    layout_caves, serial_shops, shop, shop, mines1_david
Orc:2:    st_orc_congregation, layout_diamond_mine, uniq_nessos
Elf:1:    eino_elf_arrival_customs, layout_loops_corners, serial_shops, shop,
          basic_altar, minmay_elf_crystal_hexagon, small_chamber_with_monster
Elf:2:    elven_hall_of_blades_hangedman_original [nicolae_blade_tridents],
          layout_geoelf_diagonals
Elf:3:    minmay_elf_hall_x, layout_onion_city, serial_shops,
          nicolae_shop_crystal
Vaults:1: grunt_vaults_focal, grunt_vaults_twisty, v_misc_2,
          nicolae_vaults_house_1, v_misc_4, vaults_mumra_chevron_long,
          vaults_standard_mumra_lines, nicolae_vaults_triangles,
          ontoclasm_vaults_chip, ontoclasm_vaults_gateway,
          vaults_room_fancy_cross, vaults_dpeg_cross,
          nicolae_vaults_diagonal_hallway_6, vaults_dpeg_diagonal,
          layout_vaults_omnibox, serial_shops, shop,
          nicolae_shop_back_alley_shop
Vaults:2: portal_desolation_entry_nicolae_nacl,
          nicolae_vaults_closet_pinwheel_6, nicolae_vaults_trapezoid_lopsided_2,
          nicolae_vaults_stairing_the_circle, nicolae_vaults_mitosis,
          vaults_room_pools, nicolae_vaults_specimen_jars, v_misc_29,
          nicolae_vaults_angled_halls, serial_ice_m, layout_vaults_big_cross,
          uniq_nikola
Vaults:3: v_pattern_2, minmay_crypt_entry_vampire_xt, nicolae_vaults_six-pack,
          nicolae_vaults_tetromino_Z_2, nicolae_vaults_big_ls,
          nicolae_vaults_doubleplus_tesselated, vaults_room_stairs_pillars,
          st_lines, nicolae_vaults_closet_pinwheel_4,
          nicolae_vaults_tetromino_Z_2, nicolae_vaults_border_crossing,
          nicolae_vaults_trapezoid_layered, nicolae_vaults_tetromino_Z_2,
          grunt_vaults_hallway_short, layout_vaults_omnigrid
Vaults:4: nicolae_vaults_minivaults, vaults_room_door_ring,
          nicolae_vaults_tetromino_T_2, grunt_vaults_funnel,
          nicolae_vaults_trapezoid_lopsided_2, vaults_room_fancy_cross,
          nicolae_vaults_rhombus_5, hangedman_vaults_cutoff,
          nicolae_vaults_six-pack, layout_vaults_maze_snakey, uniq_frederick,
          uniq_bai_suzhen
Vaults:5
Crypt:1:  layout_regular_city, grunt_crypt_arrival_webbed, uniq_mennas,
          uniq_jory, uniq_josephina, uniq_zenata
Depths:1: layout_gridlike, enter_ziggurat_b, grunt_decor_arrowhead,
          grunt_mini_vestibule, nicolae_shop_firing_range, minmay_shoptagon,
          serial_bayou_shore_b, uniq_saint_roka
Depths:2: evilmike_lava_path, layout_gridlike,
          nicolae_abyss_entry_one_way_or_another, grunt_pan_entry_zigzag,
          pf_coc_iceberg, grunt_megastairs_4, minmay_shop_grove,
          infiniplex_staircase_door_maze
Depths:3: kennysheep_bubble_arena, layout_basic, marbit_kobold_abyss_entry,
          nicolae_figureground_pulse, pf_hell_entry_tar_river
Depths:4: grunt_x_marks_the_spot, layout_cave_shapes,
          pf_vacation_house_of_asmodeus, abyss_entry, nicolae_ru_awakened_eye,
          grunt_ministairs_6, fedhas_altar_1
Zot:1:    layout_basic
Zot:2:    layout_gridville
Zot:3:    layout_cellular_growth, nicolae_rock_paper_scissors
Zot:4:    layout_onion_interference
Zot:5:    layout_gridlike, grunt_megastairs_5

Skill      XL: |  1  2  3  4  5  6  7  8  9 10 11 12 13 14 15 16 17 18 19 20 21 22 23 24 25 26 27 |
---------------+----------------------------------------------------------------------------------+-----
Fighting       | 1 2 3 4 6 7 9 10 12 13 14 15 16 18 19 20 21 22 23 27 | 27.0
Spellcasting   | 3 4 5 6 8 9 10 12 13 14 15 16 21 | 21.1
Shields        | 2 6 7 11 13 14 16 17 18 19 | 19.0
Invocations    | 5 8 10 | 10.0
Dodging        | 6 9 11 12 13 15 17 18 20 21 22 | 22.2
Stealth        | 3 6 9 10 14 15 | 15.7

Action                     |  1- 3 |  4- 6 |  7- 9 | 10-12 | 13-15 | 16-18 | 19-21 | 22-24 | 25-27 || total
---------------------------+-------+-------+-------+-------+-------+-------+-------+-------+-------++-------
  Melee: Unarmed           |     2 |       |       |       |       |       |       |       |       ||     2
         Dagger            |       |       |     4 |     1 |     1 |       |       |       |       ||     6
         Staff             |       |       |       |       |       |       |     3 |       |       ||     3
         Rapier            |       |       |       |       |       |       |       |    13 |     4 ||    17
   Cast: Sandblast         |    49 |     2 |     1 |       |       |       |       |       |       ||    52
         Foxfire           |    26 |    22 |     5 |     8 |     1 |     1 |       |       |     1 ||    64
         Stone Arrow       |     4 |    50 |   148 |   252 |   412 |   349 |   488 |   222 |   134 ||  2059
         Static Discharge  |       |       |     3 |     2 |     5 |       |     4 |       |       ||    14
         Petrify           |       |       |    10 |    19 |     3 |     1 |     1 |       |     1 ||    35
         Blink             |       |       |     4 |     9 |    18 |    10 |    22 |     2 |    21 ||    86
         Passwall          |       |       |     3 |     1 |     1 |     3 |       |       |     2 ||    10
         Leda's Liquefacti |       |       |     1 |     1 |     1 |       |     2 |     2 |     1 ||     8
         Borgnjor's Vile C |       |       |       |    61 |   189 |   181 |   256 |   120 |   215 ||  1022
         Summon Mana Viper |       |       |       |       |     3 |    13 |     1 |     3 |     1 ||    21
         Summon Cactus Gia |       |       |       |       |     8 |    12 |     6 |     2 |     8 ||    36
         Starburst         |       |       |       |       |       |    27 |   115 |    53 |    64 ||   259
         Enfeeble          |       |       |       |       |       |       |    67 |    59 |   106 ||   232
         Ignition          |       |       |       |       |       |       |    42 |   137 |    85 ||   264
         Malign Gateway    |       |       |       |       |       |       |       |     8 |    12 ||    20
         Maxwell's Capacit |       |       |       |       |       |       |       |       |   210 ||   210
         Fire Storm        |       |       |       |       |       |       |       |       |    97 ||    97
 Invoke: Minor Destruction |       |       |     1 |       |       |       |       |       |       ||     1
         Major Destruction |       |       |       |       |     2 |     3 |       |       |       ||     5
         Lesser Servant of |       |       |       |       |     1 |       |       |       |     1 ||     2
         Greater Servant o |       |       |       |       |       |     1 |       |     2 |       ||     3
  Evoke: Phantom mirror    |       |       |       |       |       |       |       |       |     1 ||     1
    Use: Potion            |     1 |       |     1 |       |       |     5 |     5 |     7 |     5 ||    24
         Scroll            |       |       |     8 |     8 |     9 |     9 |     6 |     1 |    12 ||    53
   Stab: Petrified         |       |       |     2 |       |       |       |       |       |       ||     2
         Sleeping          |       |       |       |       |       |       |       |     1 |       ||     1
 Armour: Robe              |     7 |       |     6 |    12 |    13 |    16 |       |       |     9 ||    63
         Troll leather arm |       |       |       |       |       |    27 |    66 |    18 |     5 ||   116
  Dodge: Dodged            |    28 |    10 |    14 |    40 |   133 |   186 |   308 |    79 |   180 ||   978
  Block: Buckler           |       |       |       |    17 |    19 |       |    17 |       |       ||    53
         Kite shield       |       |       |       |       |    27 |   158 |   304 |   103 |   206 ||   798

Table legend: (Time is in decaauts)
 A = Elapsed time spent in this place.
 B = Non-inter-level travel time spent in this place.
 C = Inter-level travel time spent in this place.
 D = Time resting spent in this place.
 E = Time spent auto-exploring this place.
 F = Levels seen in this place.
 G = Mean time per level.
                   A        B        C        D        E       F      G
               +--------+--------+--------+--------+--------+-----+--------+
         Total |  50310 |  45733 |   4577 |    963 |  33924 |  53 |  949.2 |
       Dungeon |  16016 |  14021 |   1995 |    278 |  11213 |  15 | 1067.7 |
          Lair |   5149 |   4378 |    771 |      0 |   3438 |   5 | 1029.8 |
        Shoals |   3589 |   3354 |    235 |      5 |   2402 |   4 |  897.2 |
   Spider Nest |   3332 |   3052 |    280 |    203 |   1986 |   4 |  833.0 |
  Orcish Mines |    929 |    875 |     54 |     32 |    630 |   2 |  464.5 |
   Elven Halls |   3239 |   3092 |    147 |      0 |   2245 |   3 | 1079.7 |
        Vaults |   6468 |   5882 |    586 |     92 |   4487 |   5 | 1293.6 |
         Crypt |     50 |     50 |      0 |      0 |     10 |   1 |   50.0 |
        Depths |   4034 |   3736 |    298 |      6 |   2834 |   4 | 1008.5 |
           Zot |   4327 |   4119 |    208 |    101 |   2899 |   5 |  865.4 |
        Bailey |    570 |    570 |      0 |    223 |    172 |   1 |  570.0 |
      Ice Cave |    947 |    947 |      0 |     16 |    647 |   1 |  947.0 |
       Volcano |    325 |    325 |      0 |      0 |    222 |   1 |  325.0 |
    Desolation |    937 |    937 |      0 |      0 |    545 |   1 |  937.0 |
      Gauntlet |    391 |    391 |      0 |      6 |    192 |   1 |  391.0 |
               +--------+--------+--------+--------+--------+-----+--------+

Top non-repeatable levels by time:
Vaults:3: 1835 daAuts
     D:6: 1420 daAuts
     D:4: 1350 daAuts
Vaults:5: 1343 daAuts
Shoals:3: 1330 daAuts
    D:11: 1300 daAuts
Spider:1: 1284 daAuts
  Lair:5: 1248 daAuts
Vaults:1: 1231 daAuts
    D:12: 1225 daAuts
Depths:2: 1206 daAuts
   Elf:3: 1204 daAuts
Depths:4: 1159 daAuts
   Zot:5: 1142 daAuts
     D:3: 1132 daAuts
